 Dungeon Crawl Stone Soup version 0.32-a0-607-g64ea0e4219 (webtiles) character file.

Game seed: 16695466745159973547

156 CougarLife the Digger (level 5, -17/28 HPs)
             Began as a Gargoyle Earth Elementalist on Mar 4, 2024.
             Demolished by an ogre
             ... wielding a +0 giant club
              (26 damage)
             ... on level 4 of the Dungeon.
             The game lasted 00:01:42 (2005 turns).

CougarLife the Digger (Gargoyle Earth Elementalist) Turns: 2005, Time: 00:01:43

Health: -17/28     AC:  6    Str: 11    XL:     5   Next: 38%
Magic:  6/10       EV: 11    Int: 18    God:
Gold:   92         SH:  0    Dex: 10    Spells: 9/10 levels left

rFire   . . .        d - +0 dagger
rCold   + . .        (no shield)
rNeg    + . .        a - +0 robe
rPois   ∞            (no helmet)
rElec   +            (no cloak)
rCorr   +            (no gloves)
SInv    .            (no boots)
Will    .....        (no amulet)
Stlth   ++           l - ring of resist corrosion
HPRegen 0.24/turn    q - ring of protection from cold
MPRegen 0.12/turn

%: no passive effects
@: no status effects
A: sickness immunity, AC +4, negative energy resistance 1, electricity
resistance, torment resistance 1, petrification resistance
a: no special abilities


You were on level 4 of the Dungeon.
You visited 1 branch of the dungeon, and saw 3 of its levels.

You collected 92 gold pieces.

Inventory:

Hand Weapons
 d - a +0 dagger (weapon)
Armour
 a - a +0 robe (worn)
Jewellery
 l - a ring of resist corrosion (left hand)
 q - a ring of protection from cold (right hand)
Scrolls
 c - a scroll of torment {unknown}
 e - a scroll of fear {unknown}
 h - a scroll of amnesia {unknown}
 i - 2 scrolls of identify {unknown}
 j - a scroll of blinking {unknown}
 k - a scroll of immolation {unknown}
 m - a scroll of teleportation {unknown}
 n - a scroll of vulnerability {unknown}
 o - a scroll of fog {unknown}
Potions
 b - a potion of magic
 f - 3 potions of ambrosia {unknown}
 g - a potion of curing {unknown}
 p - a potion of berserk rage {unknown}


   Skills:
 - Level 1.5 Dodging
 - Level 2.1 Stealth
 + Level 3.3 Spellcasting
 + Level 3.2 Conjurations
 + Level 5.0 Earth Magic


You had 9 spell levels left.
You knew the following spells:

 Your Spells              Type           Power      Damage    Failure   Level
a - Sandblast             Erth           42%        2d11      1%          1

Your spell library contained the following spells:

 Spells                   Type           Power      Damage    Failure   Level
 Passwall                 Erth           21%        N/A       6%          3
 Stone Arrow              Conj/Erth      34%        3d9       9%          3
 Brom's Barrelling Bould  Conj/Erth      17%        2d4       28%         4
 Ozocubu's Armour         Ice            3%         N/A       43%         3
 Petrify                  Alch/Erth      12%        N/A       50%         4
 Metabolic Englaciation   Hex/Ice        1%         N/A       99%         5
 Sculpt Simulacrum        Ice/Alch       1%         N/A       100%        6


Dungeon Overview and Level Annotations

Branches:
Dungeon (2/15)

Altars:
Xom


Innate Abilities, Weirdness & Mutations

You are immune to sickness and miasma.
Your stone body is resilient. (AC +4)
You are immune to poison.
You resist negative energy. (rN+)
You are resistant to electric shocks. (rElec)
You are resistant to unholy torment.
You are immune to petrification.


Message History

Aiming: Sandblast (safe; 1% risk of failure)
Press: ? - help, Shift-Dir - straight line, f - hobgoblin
Aim: a hobgoblin (83% to hit)
The blast of sand hits the hobgoblin!
You kill the hobgoblin!
An ogre comes into view. It is wielding a +0 giant club.
An adder comes into view.
Found a stone staircase leading up.
The ogre shouts!
The adder hisses angrily.
You hear a shout!
A kobold comes into view.
It is wielding a +0 dagger and quivering poisoned darts.
Casting: Sandblast (safe; 1% risk of failure)
Confirm with . or Enter, or press ? or * to list all spells.
You don't know that spell.
Casting: Sandblast (safe; 1% risk of failure)
Confirm with . or Enter, or press ? or * to list all spells.
Aiming: Sandblast (safe; 1% risk of failure)
Press: ? - help, Shift-Dir - straight line, f - kobold
Aim: a kobold, wielding a +0 dagger and quivering poisoned darts (79% to hit)
The blast of sand hits the kobold.
You kill the kobold!
Casting: Sandblast (safe; 1% risk of failure)
Confirm with . or Enter, or press ? or * to list all spells.
Aiming: Sandblast (safe; 1% risk of failure)
Press: ? - help, Shift-Dir - straight line, f - adder
Aim: an adder (72% to hit)
The blast of sand hits the adder.
The adder is heavily wounded.
The adder bites you. The ogre hits you with a +0 giant club!
Ouch! That really hurt!
The adder barely misses you.
Casting: Sandblast (safe; 1% risk of failure)
Confirm with . or Enter, or press ? or * to list all spells.
Aiming: Sandblast (safe; 1% risk of failure)
Press: ? - help, Shift-Dir - straight line, f/p - adder
Aim: an adder (heavily wounded, 72% to hit)
The blast of sand hits the adder!
You kill the adder!
The ogre hits you with a +0 giant club!!
Ouch! That really hurt!
You die...

......... #... #..# ..
.....##.. #.<.##..# ..
#... #..
#.......##....########..
#.......##....##....'...
............#.....#...
).........#.....#...
#.O##....##....##..
#.@##....###'####..
##..##....##....##..
#....#..............
#....'..............
##..###+####.##.###+
#..# #.# ## ..... ...
...... ....+ ........
....#


You could see an ogre.

Vanquished Creatures
  A bullfrog (D:4)
  4 adders
  3 dart slugs
  2 ribbon worms (D:2)
  5 bats
  7 endoplasms
  3 giant cockroaches
  6 goblins
  5 hobgoblins
  2 kobolds
  4 quokkas
  3 ball pythons
  2 frilled lizards (D:1)
  5 rats
52 creatures vanquished.

Notes
Turn   | Place    | Note
-------+----------+-------------------------------------------
     0 | D:1      | CougarLife the Gargoyle Earth Elementalist began the quest
                  | for the Orb.
     0 | D:1      | Reached XP level 1. HP: 10/10 MP: 3/3
    94 | D:1      | Found a faded altar of an unknown god.
   146 | D:1      | Reached XP level 2. HP: 15/15 MP: 3/5
   249 | D:1      | Reached skill level 4 in Earth Magic
   467 | D:1      | Reached XP level 3. HP: 11/19 MP: 2/6
  1343 | D:2      | Reached XP level 4. HP: 24/24 MP: 5/8
  1886 | D:2      | You fall into a shaft and drop 2 floors!
  1888 | D:4      | Found a shimmering altar of Xom.
  1890 | D:4      | Noticed a bullfrog
  1898 | D:4      | Killed a bullfrog
  1899 | D:4      | Reached skill level 5 in Earth Magic
  1899 | D:4      | Reached XP level 5. HP: 25/28 MP: 4/9
  2000 | D:4      | Noticed an ogre
  2005 | D:4      | Demolished by an ogre

Illustrated notes

Levels and vault maps discovered:
D:1:      wander_arrival_abandoned_jail, layout_rooms,
          ebering_ecumenical_altar_rust, minmay_pentomino_t2
D:2:      layout_loops_corners
D:4:      layout_gridville, lemuel_blue_sif_altar, xom_butterflies,
          portal_sewer_entry_b, chequers_jeans, nicolae_goblin_pals,
          uniq_duvessa, uniq_crazy_yiuf_cottage

Skill      XL: |  1  2  3  4 |
---------------+-------------+-----
Earth Magic    | 4 5 |  5.0
Conjurations   | 2 3 |  3.2
Spellcasting   | 3 |  3.3
Dodging        | |  1.5
Stealth        | |  2.1

Action                     |  1- 3 |  4- 6 || total
---------------------------+-------+-------++-------
  Melee: Unarmed           |    17 |       ||    17
         Dagger            |    10 |     8 ||    18
   Cast: Sandblast         |    45 |    26 ||    71
 Armour: Robe              |    42 |    17 ||    59
  Dodge: Dodged            |    37 |    11 ||    48

Table legend: (Time is in decaauts)
 A = Elapsed time spent in this place.
 B = Non-inter-level travel time spent in this place.
 C = Inter-level travel time spent in this place.
 D = Time resting spent in this place.
 E = Time spent auto-exploring this place.
 F = Levels seen in this place.
 G = Mean time per level.
                   A        B        C        D        E       F      G
               +--------+--------+--------+--------+--------+-----+--------+
         Total |   2038 |   1988 |     50 |     35 |   1548 |   3 |  679.3 |
       Dungeon |   2038 |   1988 |     50 |     35 |   1548 |   3 |  679.3 |
               +--------+--------+--------+--------+--------+-----+--------+

Top non-repeatable levels by time:
     D:2: 1008 daAuts
     D:1: 906 daAuts
     D:4: 123 daAuts
